 Dungeon Crawl Stone Soup version 0.30-a0-722-g3e6e8c874d (webtiles) character file.

Game seed: 8694593209625607924

6242 Mitcholas the Skirmisher (level 10, -4/88 HPs)
             Began as a Yellow Draconian Hunter on Jan 27, 2023.
             Was an Elder of Okawaru.
             Killed by vampiric draining
             ... invoked by a vampire
              (11 damage)
             ... on level 9 of the Dungeon.
             The game lasted 00:21:43 (7727 turns).

Mitcholas the Skirmisher (Yellow Draconian Hunter)  Turns: 7727, Time: 00:21:43

Health: -4/88      AC: 15    Str: 14    XL:     10   Next: 62%
Magic:  10/10      EV: 21    Int:  9    God:    Okawaru [****..]
Gold:   253        SH:  0    Dex: 19    Spells: 9/9 levels left

rFire   . . .      SeeInvis .    p - +1 sling (freeze)
rCold   . . .      Faith    .    (no shield)
rNeg    . . .      Spirit   .    (body armour unavailable)
rPois   .          Reflect  .    (helmet restricted)
rElec   .          Harm     .    j - +1 cloak
rCorr   +          Rampage  .    e - +0 pair of gloves
Will    .....                    s - +0 pair of boots
Stlth   +++                      (no amulet)
HPRegen 0.34/turn                v - +5 ring of evasion
MPRegen 0.12/turn                x - +4 ring of protection

@: short of breath
A: spit acid, AC +7, unfitting armour, cold-blooded, acid resistance
a: Breathe Acid, Renounce Religion, Heroism, Finesse


You were on level 9 of the Dungeon.
You worshipped Okawaru.
Okawaru was greatly pleased with you.
You visited 2 branches of the dungeon, and saw 10 of its levels.

You collected 388 gold pieces.
You spent 135 gold pieces at shops.

Inventory:

Hand Weapons
 p - a +1 sling of freezing (weapon)
Missiles
 B - a curare-tipped dart
 C - a throwing net
Armour
 e - a +0 pair of gloves (worn)
 j - a +1 cloak (worn)
 s - a +0 pair of boots (worn)
Jewellery
 g - a ring of poison resistance
 l - a ring of protection from cold
 v - a +5 ring of evasion (left hand)
 x - a +4 ring of protection (right hand)
 H - a +6 ring of strength
Wands
 m - a wand of flame (48)
 y - a wand of light (10)
Scrolls
 b - a scroll of immolation
 d - 6 scrolls of identify {unknown}
 i - a scroll of summoning {unknown}
 k - 3 scrolls of enchant weapon {unknown}
 n - 5 scrolls of teleportation {unknown}
 q - 2 scrolls of fear {unknown}
 t - 2 scrolls of enchant armour {unknown}
 u - a scroll of vulnerability {unknown}
 w - a scroll of fog {unknown}
 A - 2 scrolls of amnesia
 I - a scroll of noise {unknown}
Potions
 a - 3 potions of degeneration {unknown}
 c - 3 potions of brilliance
 f - 2 potions of heal wounds {unknown}
 h - 3 potions of mutation {unknown}
 o - a potion of curing {unknown}
 r - a potion of cancellation {unknown}
 z - a potion of ambrosia {unknown}
 D - 2 potions of lignification {unknown}
 E - a potion of magic {unknown}
 F - a potion of experience {unknown}
 G - a potion of flight {unknown}


   Skills:
 + Level 7.9 Fighting
 * Level 11.4 Ranged Weapons
 + Level 6.6 Dodging
 - Level 5.0 Stealth


You had 9 spell levels left.
You didn't know any spells.
Your spell library contained the following spells:

 Spells                   Type           Power      Damage    Failure   Level
 Apportation              Tloc           0%         N/A       38%         1
 Necrotise                Necr           0%         1d4       38%         1
 Shock                    Conj/Air       0%         1d3       38%         1
 Slow                     Hex            0%         N/A       38%         1
 Sting                    Tmut/Pois      0%         1d3       38%         1
 Blink                    Tloc           0%         N/A       52%         2
 Poisonous Vapours        Pois/Air       0%         N/A       52%         2
 Confusing Touch          Hex            0%         N/A       77%         3
 Dazzling Flash           Conj/Hex       0%         N/A       77%         3
 Inner Flame              Hex/Fire       0%         N/A       77%         3
 Swiftness                Air            0%         N/A       77%         3
 Vampiric Draining        Necr           0%         2d6       77%         3
 Airstrike                Air            0%         2d(0-16)  99%         4
 Flame Wave               Conj/Fire      0%         2d4       99%         4
 Iskenderun's Mystic Bla  Conj/Tloc      0%         2d3       99%         4
 Manifold Assault         Tloc           0%         N/A       99%         4
 Olgreb's Toxic Radiance  Pois           0%         N/A       99%         4
 Sticky Flame             Conj/Fire      0%         2d3       99%         4
 Starburst                Conj/Fire      0%         6d3       100%        6
 Storm Form               Tmut/Air       0%         N/A       100%        7
 Summon Small Mammal      Summ           Unusable   N/A       N/A         1
 Call Canine Familiar     Summ           Unusable   N/A       N/A         3
 Summon Guardian Golem    Hex/Summ       Unusable   N/A       N/A         3

Dungeon Overview and Level Annotations

Branches:
Dungeon (9/15)             Temple (1/1) D:6            Lair (0/5) D:8
    Orc (0/2) D:9

Altars:
Ashenzari
Cheibriados
Dithmenos
Elyvilon
Gozag
Hepliaklqana
Makhleb
Okawaru
Qazlal
Ru
Sif Muna
Trog
Vehumet
Wu Jian
Xom
Yredelemnul
Zin
The Shining One
Jiyva

Shops:
D:3 =*!*[


Innate Abilities, Weirdness & Mutations

You can spit globs of acid.
Your golden yellow scales are hard. (AC +7)
You cannot fit into any form of body armour.
You are cold-blooded and may be slowed by cold attacks.
You are resistant to acid. (rCorr)


Message History

The vampire mumbles some strange words.
The vampire flickers and vanishes!
Deactivating autopickup; reactivate with Ctrl-A.
No target in view!
You shoot a sling bullet. Something draws life force from you!!
You shoot a sling bullet. Something hits you but does no damage.
Something closely misses you.
You shoot a sling bullet. Something hits you. Something bites you!
Something draws strength from your injuries!
You shoot a sling bullet. Something completely misses you. Something bites you!
Something draws strength from your injuries!
You shoot a sling bullet. You shoot a sling bullet.
Something hits you but does no damage. Something barely misses you.
You shoot a sling bullet. Something hits you.
Something bites you but does no damage.
You shoot a sling bullet. Something hits you. Something bites you.
Something draws strength from your injuries!
You shoot a sling bullet.
You hear some strange, mumbled words.
Something tries to affect you, but you resist.
You shoot a sling bullet. You shoot a sling bullet.
Something closely misses you. Something barely misses you.
You shoot a sling bullet. Something draws life force from you!
* * * LOW HITPOINT WARNING * * *
You shoot a sling bullet. Something closely misses you. x2
You shoot a sling bullet. Something hits you!
* * * LOW HITPOINT WARNING * * *
Something bites you but does no damage.
You shoot a sling bullet. You shoot a sling bullet. Something hits you.
* * * LOW HITPOINT WARNING * * *
Something bites you but does no damage.
You shoot a sling bullet. Something hits you but does no damage.
Something barely misses you.
You shoot a sling bullet. Something draws life force from you!
* * * LOW HITPOINT WARNING * * *
You shoot a sling bullet. Something draws life force from you!
You die...

#.........#..#
#.#'###+#.#..#
#.#(....#.#).#
#.###'###.#..#
#.+.....+.#..#
#.###'###.#..#
#.#..)..#.#..#######
#.#'###+#.#........####
#.....@...#.)#####.....
#####{#####...######.#.
#.......##..........#.
#..#####..#..###.###.#.
#.# .#..# #.###.#. #.
#..# #.###.#. .
#.>###....... .#
#....#.###### ..
#......#


There were no monsters in sight!

Vanquished Creatures
  Psyche (D:9)
  2 trolls
  A hornet (D:9)
  A shadow (D:9)
  Eustachio (D:5)
  2 steam dragons
  8 yaks
  2 wyverns
  2 black bears
  3 ice beasts
  A sky beast (D:7)
  2 wolves (D:8)
  3 centaurs
  4 kobold brigands
  A bullfrog (D:7)
  2 necrophages (D:7)
  3 wights (D:7)
  13 killer bees
  2 electric eels (D:8)
  A quasit (D:8)
  8 hounds
  6 jellies
  4 orc priests
  Natasha (thrice) (D:2)
  8 iguanas
  5 orc wizards
  Robin (D:4)
  7 adders
  2 shadow imps (D:6)
  2 ufetubi
  4 worms (D:3)
  6 dart slugs
  13 orcs
  8 endoplasms
  A giant cockroach (D:2)
  14 goblins
  10 hobgoblins
  4 jackals (D:1)
  6 quokkas
  8 ball pythons
  6 bats
  A goblin skeleton (D:8)
  2 hobgoblin zombies (D:8)
  25 kobolds
  A kobold skeleton (D:8)
  A kobold zombie (D:8)
  5 rats
216 creatures vanquished.

Notes
Turn   | Place    | Note
-------+----------+-------------------------------------------
     0 | D:1      | Mitcholas the Draconian Hunter began the quest for the Orb.
     0 | D:1      | Reached XP level 1. HP: 17/17 MP: 1/1
    89 | D:1      | Reached skill level 4 in Ranged Weapons
   195 | D:1      | Reached XP level 2. HP: 24/24 MP: 2/2
   414 | D:1      | Found a faded altar of an unknown god.
   835 | D:2      | Reached XP level 3. HP: 29/29 MP: 3/3
   917 | D:2      | Found a sacrificial altar of Ru.
  1167 | D:2      | Noticed Natasha
  1179 | D:2      | Killed Natasha
  1180 | D:2      | Reached skill level 5 in Ranged Weapons
  1180 | D:2      | Reached XP level 4. HP: 33/36 MP: 4/4
  1512 | D:2      | Noticed Natasha
  1518 | D:2      | Killed Natasha
  1663 | D:2      | Noticed Natasha
  1675 | D:2      | Killed Natasha
  1702 | D:3      | Found Ipsarim's General Store.
  1708 | D:3      | Bought a +1 sling of freezing for 135 gold pieces
  1723 | D:3      | Reached XP level 5. HP: 39/41 MP: 5/5
  1771 | D:3      | Found Bottiz's Jewellery Shop.
  1843 | D:3      | Reached skill level 6 in Ranged Weapons
  1887 | D:3      | Found a white marble altar of Elyvilon.
  2005 | D:3      | Found Timu's General Store.
  2066 | D:3      | Found a snail-covered altar of Cheibriados.
  2107 | D:3      | Found Ted Caem's Antique Armour Emporium.
  2143 | D:3      | Found Posell's Distillery.
  2314 | D:4      | Noticed Robin
  2322 | D:4      | Killed Robin
  2334 | D:4      | Reached XP level 6. HP: 48/48 MP: 6/6
  2809 | D:4      | Noticed an ice beast
  2829 | D:4      | Killed an ice beast
  2830 | D:4      | Reached skill level 7 in Ranged Weapons
  2830 | D:4      | Reached skill level 1 in Stealth
  2872 | D:5      | Entered Level 5 of the Dungeon
  2988 | D:5      | Your scales start taking on a golden yellow colour.
  2988 | D:5      | Reached XP level 7. HP: 47/56 MP: 7/7
  2988 | D:5      | Gained mutation: You are resistant to acid. (rCorr) [Yellow
                  | Draconian growth]
  3190 | D:5      | Noticed Eustachio
  3198 | D:5      | Killed Eustachio
  3423 | D:5      | Found a stormy altar of Qazlal.
  4054 | D:6      | Found a staircase to the Ecumenical Temple.
  4072 | D:6      | Reached skill level 8 in Ranged Weapons
  4072 | D:6      | Reached XP level 8. HP: 66/66 MP: 8/8
  4079 | Temple   | Entered the Ecumenical Temple
  4084 | Temple   | Became a worshipper of Warmaster Okawaru
  4325 | D:7      | Found a sacrificial altar of Ru.
  4846 | D:7      | Reached * piety under Okawaru
  5096 | D:7      | Reached skill level 5 in Fighting
  5190 | D:8      | Reached skill level 9 in Ranged Weapons
  5213 | D:7      | Reached XP level 9. HP: 70/74 MP: 9/9
  5275 | D:8      | Reached ** piety under Okawaru
  5278 | D:8      | Noticed a troll
  5294 | D:8      | Reached skill level 5 in Dodging
  5294 | D:8      | Reached skill level 5 in Stealth
  5313 | D:7      | Killed a troll
  5470 | D:8      | Reached *** piety under Okawaru
  5471 | D:8      | Reached skill level 10 in Ranged Weapons
  5482 | D:8      | Found a glowing golden altar of the Shining One.
  5584 | D:8      | Found a viscous altar of Jiyva.
  5895 | D:8      | Reached XP level 10. HP: 48/84 MP: 10/10
  6194 | D:8      | Found a sparkling altar of Nemelex Xobeh.
  6196 | D:8      | Found a burning altar of Makhleb.
  6196 | D:8      | Found a shimmering altar of Xom.
  6198 | D:8      | Found a broken altar of Ashenzari.
  6198 | D:8      | Found a snail-covered altar of Cheibriados.
  6198 | D:8      | Found a bloodstained altar of Trog.
  6289 | D:8      | Found a staircase to the Lair.
  6682 | D:9      | Found a staircase to the Orcish Mines.
  6807 | D:9      | Noticed Psyche
  6817 | D:9      | Killed Psyche
  6969 | D:9      | Reached **** piety under Okawaru
  6978 | D:9      | Reached skill level 11 in Ranged Weapons
  7068 | D:9      | Paralysed by a hornet for 3 turns
  7727 | D:9      | Killed from afar by a vampire

Illustrated notes

Levels and vault maps discovered:
D:1:      shiori_arrival_elements, layout_basic, basic_ecumenical_altar,
          serial_bayou, serial_bayou_pond_c, serial_bayou_shore_b,
          serial_bayou_crossing, serial_bayou_lagoon_a, serial_bayou_pond_d,
          serial_bayou_pond_a, kennysheep_small_spiral
D:2:      layout_basic, basic_altar, uniq_natasha
D:3:      layout_rooms, slow_altar_2, elyvilon_altar_1, serial_shops,
          nicolae_shop_hallway_plus, nicolae_shop_crystal, shop,
          nicolae_square_shop, shop, minmay_strange_pillars
D:4:      layout_basic, uniq_robin
D:5:      layout_basic, grunt_qazlal_sundering, uniq_eustachio
D:6:      layout_loops_ring, minmay_temple_entry_nine_rooms, minivault_25
D:7:      layout_basic, kennysheep_mini
D:8:      layout_basic, doesnt_xom_only_xom, nicolae_tso_besieged_by_evil,
          erik_lair_island, grunt_ministairs_12, jiyva_altar_1
D:9:      minmay_the_grid_3x3 [minmay_the_grid_diamond_grid,
          minmay_the_grid_doors, minmay_the_grid_dragon_b,
          minmay_the_grid_expand, minmay_the_grid_minigrid_small,
          minmay_the_grid_x, minmay_the_grid_large_cup,
          minmay_the_grid_tri_star, minmay_the_grid_prize_inner_circle],
          layout_rooms, minmay_misc_feat_encased, uniq_psyche
Temple:   nicolae_temple_ecumenical_triangle

Skill      XL: |  1  2  3  4  5  6  7  8  9 10 |
---------------+-------------------------------+-----
Ranged Weapons | 4 5 6 7 8 9 10 11 | 11.4
Dodging        | 2 3 4 5 6 |  6.6
Stealth        | 1 3 4 5 |  5.0
Fighting       | 4 5 6 7 |  7.9

Action                     |  1- 3 |  4- 6 |  7- 9 | 10-12 || total
---------------------------+-------+-------+-------+-------++-------
  Melee: Sling             |       |       |     2 |       ||     2
   Fire: Shortbow          |   103 |    21 |       |       ||   124
         Sling             |       |   204 |   364 |   204 ||   772
Ability: Breathe Acid      |       |       |     8 |     6 ||    14
  Evoke: Wand              |       |       |     6 |       ||     6
    Use: Scroll            |       |     1 |       |       ||     1
 Armour: Skin              |    26 |    53 |    70 |    43 ||   192
  Dodge: Dodged            |    48 |    66 |   180 |   115 ||   409

Table legend: (Time is in decaauts)
 A = Elapsed time spent in this place.
 B = Non-inter-level travel time spent in this place.
 C = Inter-level travel time spent in this place.
 D = Time resting spent in this place.
 E = Time spent auto-exploring this place.
 F = Levels seen in this place.
 G = Mean time per level.
                   A        B        C        D        E       F      G
               +--------+--------+--------+--------+--------+-----+--------+
         Total |   7770 |   7386 |    384 |    982 |   4903 |  10 |  777.0 |
       Dungeon |   7716 |   7345 |    371 |    982 |   4874 |   9 |  857.3 |
        Temple |     53 |     40 |     13 |      0 |     29 |   1 |   53.0 |
               +--------+--------+--------+--------+--------+-----+--------+

Top non-repeatable levels by time:
     D:7: 1247 daAuts
     D:8: 1115 daAuts
     D:9: 1046 daAuts
     D:2: 968 daAuts
     D:1: 797 daAuts
     D:6: 744 daAuts
     D:4: 641 daAuts
     D:5: 612 daAuts
     D:3: 542 daAuts
  Temple: 53 daAuts
